 Dungeon Crawl Stone Soup version 0.29.0-13-gc9e81de378 (webtiles) character file.

Game seed: 5533626967204840739

1 DuloT34 the Grave Robber (level 1, -1/13 HPs)
             Began as a Demonspawn Necromancer on Sept 9, 2022.
             Frozen to death by an endoplasm (5 damage)
             ... on level 1 of the Dungeon.
             The game lasted 00:00:27 (190 turns).

DuloT34 the Grave Robber (Demonspawn Necromancer)    Turns: 190, Time: 00:00:29

Health: -1/13      AC:  3    Str:  8    XL:     1   Next: 16%
Magic:  1/3        EV: 12    Int: 16    God:
Gold:   6          SH:  0    Dex: 13    Spells: 3/4 levels left

rFire   . . .      SeeInvis .   (no weapon)
rCold   . . .      Faith    .   (no shield)
rNeg    + . .      Spirit   .   a - +1 robe
rPois   .          Reflect  .   (no helmet)
rElec   .          Harm     .   (no cloak)
rCorr   .          Rampage  .   (no gloves)
Will    .....                   (no boots)
Stlth   ++........              (no amulet)
HPRegen 0.04/turn               c - ring of positive energy
MPRegen 0.08/turn               (no ring)

@: no status effects
A: no striking features
a: no special abilities


You were on level 1 of the Dungeon.
You visited 1 branch of the dungeon, and saw 1 of its levels.

You collected 6 gold pieces.

Inventory:

Armour
 a - a +1 robe (worn)
Jewellery
 c - a ring of positive energy (left hand)
 e - a +4 ring of protection
Scrolls
 f - a scroll of enchant armour
Potions
 b - 2 potions of magic
 d - a potion of heal wounds


   Skills:
 + Level 0.1 Fighting
 + Level 1.8 Dodging
 - Level 1.7 Stealth
 + Level 2.0 Spellcasting
 + Level 4.4 Necromancy


You had 3 spell levels left.
You knew the following spells:

 Your Spells              Type           Power      Damage    Failure   Level
a - Necrotise             Necr           60%        1d7       3%          1

Your spell library contained the following spells:

 Spells                   Type           Power      Damage    Failure   Level
 Vampiric Draining        Necr           15%        2d7       11%         3
 Animate Dead             Necr           15%        N/A       34%         4
 Agony                    Necr           15%        N/A       67%         5


Dungeon Overview and Level Annotations

Branches:
Dungeon (1/15)

Altars:


Message History

Your bat skeleton hits the endoplasm but does no damage.
The endoplasm hits your bat skeleton.
Your bat skeleton hits the endoplasm.
Your bat skeleton barely misses the endoplasm.
The endoplasm barely misses your bat skeleton.
Your bat skeleton hits the endoplasm but does no damage.
Your bat skeleton hits the endoplasm. x2; The endoplasm hits your bat skeleton.
Your bat skeleton hits the endoplasm but does no damage.
You swap places.
The endoplasm hits you.
You hit the endoplasm but do no damage.
The endoplasm is heavily wounded.
The endoplasm freezes you.
You are frozen.
You hit the endoplasm but do no damage.
The endoplasm is heavily wounded.
The endoplasm freezes you.
You are frozen.
You hit the endoplasm but do no damage.
The endoplasm is heavily wounded.
The endoplasm jiggles.
The endoplasm freezes you.
You are frozen.
You are too injured to fight recklessly!
Casting: Necrotise (safe; 3% risk of failure)
Confirm with . or Enter, or press ? or * to list all spells.
Aiming: Necrotise (safe; 3% risk of failure)
Press: ? - help, Shift-Dir - straight line, f - endoplasm
Aim: an endoplasm (heavily wounded, ally target, chance to affect: 85%)
The endoplasm barely resists.
The endoplasm freezes you.
You are frozen.
Casting: Necrotise (safe; 3% risk of failure)
Confirm with . or Enter, or press ? or * to list all spells.
Aiming: Necrotise (safe; 3% risk of failure)
Press: ? - help, Shift-Dir - straight line, f/p - endoplasm
Aim: an endoplasm (heavily wounded, ally target, chance to affect: 85%)
The endoplasm writhes in agony.
The endoplasm freezes you.
You are frozen.
You die...

#..# ##.......##.
#..#
###########...#####
#..#
#.........#####
#..####.######.##
#.......# #.#
##.###### #.# #.#
##.####
#....#######.....#
....$.J@Z........#
####.#######.....#
##.#.## #.#.# #.#.#
#.#.# ... ##.


You could see an endoplasm (ally target) and a friendly bat skeleton.

Vanquished Creatures
  A bat (D:1)
  A kobold (D:1)
2 creatures vanquished.

Notes
Turn   | Place    | Note
-------+----------+-------------------------------------------
     0 | D:1      | DuloT34 the Demonspawn Necromancer began the quest for the
                  | Orb.
     0 | D:1      | Reached XP level 1. HP: 13/13 MP: 3/3
   190 | D:1      | Frozen to death by an endoplasm

Illustrated notes

Levels and vault maps discovered:
D:1:      dpeg_arrival_three_same_balls, layout_loops_ring,
          minmay_misc_feat_ornament

Action                   || total
-------------------------++-------
Melee: Unarmed           ||     3
 Cast: Necrotise         ||     5
  Use: Scroll            ||     2
